 Dungeon Crawl Stone Soup version 0.23-a0-586-gacb4b3f4ce (webtiles) character file.

15045 Manul the Fighter (level 11, -2/133 HPs)
             Began as a Demonspawn Gladiator on Dec 16, 2018.
             Was an Initiate of Gozag.
             Slain by a troll (10 damage)
             ... on level 12 of the Dungeon on Dec 19, 2018.
             The game lasted 00:22:19 (14469 turns).

Manul the Fighter (Demonspawn Gladiator)           Turns: 14469, Time: 00:22:20

Health: -2/133     AC: 22    Str: 21    XL:     11   Next: 96%
Magic:  13/13      EV: 17    Int:  9    God:    Gozag
Gold:   1074       SH:  0    Dex: 17    Spells: 10/10 levels left

rFire    . . .     SeeInvis .   m - +4 whip (elec)
rCold    + . .     Gourm    .   (no shield)
rNeg     . . .     Faith    .   K - quicksilver dragon scales
rPois    .         Spirit   .   c - +1 helmet
rElec    .         Reflect  .   A - +0 cloak
rCorr    +         Harm     .   g - +0 pair of gloves
MR       +....                  (boots unavailable)
Stlth    ..........             j - amulet of the acrobat
HPRegen  0.32/turn              v - ring of resist corrosion
MPRegen  0.13/turn              P - ring of protection from cold

@: berserking, sanguine armour, very quick
A: talons 3, powered by pain 1, rot immunity, sanguine armour 1
a: Potion Petition, Call Merchant, Bribe Branch, Renounce Religion


You were on level 12 of the Dungeon.
You worshipped Gozag.
Gozag was most pleased with you.
You were hungry.

You visited 2 branches of the dungeon, and saw 14 of its levels.

You collected 2680 gold pieces.
You spent 184 gold pieces at shops.
You paid 1422 gold pieces to Gozag.

Inventory:

Hand Weapons
 a - a +0 trident
 m - a +4 whip of electrocution (weapon)
Missiles
 d - 12 throwing nets (quivered)
Armour
 c - a +1 helmet (worn)
 g - a +0 pair of gloves (worn)
 l - a +0 ring mail
 y - a +0 plate armour
 A - a +0 cloak (worn)
 E - the +1 leather armour of Sloth {MP+9 Int+5}
   (You found it on level 6 of the Dungeon)

   It affects your intelligence (+5).
   It affects your magic capacity (+9).
 K - quicksilver dragon scales (worn)
Jewellery
 j - an amulet of the acrobat (around neck)
 v - a ring of resist corrosion (left hand)
 w - an uncursed ring of wizardry
 O - an uncursed ring of magical power
 P - a ring of protection from cold (right hand)
Wands
 b - a wand of acid (12)
 i - a wand of clouds (4)
 C - a wand of digging (3)
 F - a wand of random effects (10)
 G - a wand of iceblast (27)
 I - a wand of scattershot (4)
 J - a wand of paralysis (9)
 L - a wand of flame (37)
Scrolls
 e - 4 scrolls of remove curse
 p - 4 scrolls of magic mapping
 q - 2 scrolls of blinking
 r - 3 scrolls of amnesia
 u - a scroll of torment {unknown}
 B - 3 scrolls of identify
 M - a scroll of enchant armour
Potions
 h - 4 potions of heal wounds {unknown}
 k - 5 potions of brilliance {unknown}
 n - 5 potions of curing
 o - 2 potions of lignification {unknown}
 s - 2 potions of magic {unknown}
 t - 2 potions of flight {unknown}
 x - a potion of haste
 z - 3 potions of agility
 D - 2 potions of resistance
 N - 2 potions of degeneration {unknown}
Comestibles
 f - 17 rations


   Skills:
 + Level 9.4 Fighting
   Level 0.6(6.0) Axes
 - Level 8.9 Maces & Flails
 - Level 3.2(3.3) Polearms
 - Level 2.0 Throwing
 + Level 7.3 Armour
 + Level 8.9 Dodging
 + Level 6.4 Stealth
 + Level 2.8 Evocations


You had 10 spell levels left.
You didn't know any spells.
Your spell library contained the following spells:

 Spells                   Type           Power        Failure   Level  Hunger
 Animate Skeleton         Necr           N/A          52%         1    ##.....
 Freeze                   Ice            #...         52%         1    ##.....
 Pain                     Necr           #...         52%         1    ##.....
 Poisonous Vapours        Pois/Air       #.....       67%         2    ###....
 Throw Frost              Conj/Ice       #.....       67%         2    ###....
 Conjure Flame            Conj/Fire      #.......     88%         3    ####...
 Mephitic Cloud           Conj/Pois/Air  #.......     88%         3    ####...
 Ozocubu's Armour         Chrm/Ice       #.......     88%         3    ####...
 Regeneration             Chrm/Necr      #.........   88%         3    ####...
 Vampiric Draining        Necr           #.........   88%         3    ####...
 Animate Dead             Necr           N/A          99%         4    #####..
 Summon Ice Beast         Ice/Summ       #.......     99%         4    #####..
 Throw Icicle             Conj/Ice       #.......     99%         4    #####..
 Freezing Cloud           Conj/Ice/Air   #.........   100%        6    #######
 Ring of Flames           Chrm/Fire      #.........   100%        7    #######


Dungeon Overview and Level Annotations

Branches:
Dungeon (13/15)            Temple (1/1) D:4            Lair (0/6) D:10
    Orc (0/2) D:10
 Vaults: D:13-14

Altars:
Fedhas
Gozag
Hepliaklqana
Kikubaaqudgha
Nemelex Xobeh
Qazlal
Sif Muna
Trog
Uskayaw
Vehumet
Xom
Yredelemnul
Zin
The Shining One

Shops:
D:9 (   D:11 [

Annotations:
D:4 2 transporters
D:13 Azrael


Innate Abilities, Weirdness & Mutations

You have claws for feet.
You sometimes gain a little power by taking damage.
You are immune to rotting.
When seriously injured, your bleeding wounds create armour. (AC +6)


Message History

* * * LOW HITPOINT WARNING * * *
Evoke which item? (* to show all) (? for menu, Esc to quit)
Aiming: Corrosive Bolt
Press: ? - help, Shift-Dir - straight line, f - troll
Aim: a troll (moderately wounded)
The bolt of acid hits the troll.
The troll is splashed with acid.
The troll is severely wounded.
The troll barely misses you. The troll claws you.
* * * LOW HITPOINT WARNING * * *
The troll claws you.
* * * LOW HITPOINT WARNING * * *
Evoke which item? (* to show all) (? for menu, Esc to quit)
Okay, then.
It was a potion of berserk rage.
A red film seems to cover your vision as you go berserk!
You feel yourself moving faster!
You feel mighty! The troll bites you!
* * * LOW HITPOINT WARNING * * *
The troll closely misses you. The troll claws you!
You die...
Your body crumbles into a pile of gold.

.....#.#
#.###....≈.##.#
######.#
#..##......##.#
#.#
##.####.#####.#
#.# #.## #.# #.#
#.# #..# #.# #.#
#.# ##(###.#
#.########## #.#
#..##.#
#........... #.#
##.##.#
############ #.#
#..#@#### #.#
##.#T...#
#.##### #.#....#
#.#...###.#....#
#.#.....#...####
#.#...#.#.....#
#.#...#.#.....#
#.#...#.#.$...#
#.#...#....>..#


You could see a troll.

Vanquished Creatures
  Erolcha (D:9)
  Harold (D:8)
  A hydra (D:12)
  2 two-headed ogres
  Pikel (D:5)
  An ugly thing (D:12)
  A deep elf mage (D:12)
  Maurice (D:9)
  Psyche (D:10)
  2 kobold demonologists (D:11)
  3 hippogriffs
  9 yaks
  Eustachio (D:5)
  2 fire elementals (D:12)
  A steam dragon (D:9)
  A hell hound (D:12)
  4 sky beasts
  A slave (D:5)
  An eye of draining (D:12)
  2 phantoms
  3 black bears
  An ice beast (D:7)
  A necrophage (D:11)
  6 orc warriors
  3 centaurs
  5 ogres
  A crocodile (D:12)
  6 bullfrogs
  5 big kobolds
  A wyvern skeleton (D:8)
  3 scorpions
  28 killer bees
  2 howler monkeys (D:12)
  5 wights (D:8)
  7 crimson imps
  4 bullfrog zombies
  5 hounds
  6 orc priests
  5 jellies
  A quasit (D:12)
  A bullfrog skeleton (D:4)
  Jessica (D:3)
  11 worker ants
  13 orc wizards
  2 killer bee zombies
  2 worker ant zombies
  7 gnolls
  19 adders
  5 oozes (D:9)
  2 adder skeletons (D:4)
  5 worms
  3 dart slugs (D:1)
  6 leopard geckos
  42 orcs
  9 bats
  A giant cockroach (D:3)
  10 goblins
  8 hobgoblins
  4 iguanas
  18 jackals
  A quokka (D:6)
  2 ball pythons
  4 frilled lizards
  A jackal skeleton (D:4)
  21 kobolds
  A leopard gecko skeleton (D:6)
  A leopard gecko zombie (D:7)
  9 rats
344 creatures vanquished.

Vanquished Creatures (others)
  A centaur (D:5)
  2 hobgoblins (D:5)
  2 kobolds (D:5)
5 creatures vanquished.

Grand Total: 349 creatures vanquished

Notes
Turn   | Place    | Note
-------+----------+-------------------------------------------
     0 | D:1      | Manul the Demonspawn Gladiator began the quest for the Orb.
     0 | D:1      | Reached XP level 1. HP: 16/16 MP: 1/1
    99 | D:1      | Gained mutation: You have sharp toenails. [demonic
                  | ancestry]
    99 | D:1      | Reached XP level 2. HP: 18/22 MP: 2/2
   517 | D:1      | Reached XP level 3. HP: 25/27 MP: 3/3
   993 | D:2      | Reached skill level 1 in Armour
   993 | D:2      | Gained mutation: You sometimes gain a little power by
                  | taking damage. [demonic ancestry]
   993 | D:2      | Reached XP level 4. HP: 28/34 MP: 4/4
   996 | D:2      | Found a shimmering altar of Xom.
  1389 | D:2      | Reached XP level 5. HP: 40/40 MP: 5/5
  1431 | D:2      | Reached skill level 1 in Stealth
  2215 | D:3      | Reached skill level 1 in Maces & Flails
  2217 | D:3      | Found a glowing golden altar of the Shining One.
  2287 | D:3      | Noticed Jessica
  2295 | D:3      | Killed Jessica
  2295 | D:3      | Reached skill level 3 in Fighting
  2478 | D:3      | Gained mutation: You have razor-sharp toenails. [demonic
                  | ancestry]
  2478 | D:3      | Reached XP level 6. HP: 41/47 MP: 6/6
  2563 | D:3      | Upgraded the game from 0.23-a0-582-g1b4a0ca2fb to
                  | 0.23-a0-584-g44dd78f40d
  2563 | D:3      | Upgraded the game from 0.23-a0-584-g44dd78f40d to
                  | 0.23-a0-586-gacb4b3f4ce
  2828 | D:3      | Found a deep blue altar of Sif Muna.
  3064 | D:3      | Found a basalt altar of Yredelemnul.
  3070 | D:3      | Noticed an angel
  3171 | D:4      | Found a staircase to the Ecumenical Temple.
  3187 | Temple   | Entered the Ecumenical Temple
  3214 | Temple   | Became a worshipper of Gozag Ym Sagoz the Greedy
  3407 | D:4      | Gained mutation: You are immune to rotting. [demonic
                  | ancestry]
  3407 | D:4      | Reached XP level 7. HP: 45/52 MP: 7/7
  3686 | D:4      | Found a transporter.
  4075 | D:4      | Found a transporter.
  4425 | D:5      | Entered Level 5 of the Dungeon
  4495 | D:5      | Noticed Pikel
  4513 | D:5      | Killed Pikel
  4513 | D:5      | Reached skill level 4 in Fighting
  4513 | D:5      | Gained mutation: When seriously injured, your bleeding
                  | wounds create armour. (AC +6) [demonic ancestry]
  4513 | D:5      | Reached XP level 8. HP: 57/60 MP: 8/8
  4603 | D:5      | Noticed Eustachio
  4638 | D:5      | Killed Eustachio
  5012 | D:5      | Reached skill level 5 in Maces & Flails
  5128 | D:5      | Found a bloodstained altar of Trog.
  5445 | D:6      | Reached skill level 5 in Armour
  5641 | D:6      | Got a fine leather armour
  5652 | D:6      | Identified the cursed +1 leather armour of Sloth {MP+9
                  | Int+5} (You found it on level 6 of the Dungeon)
  5719 | D:6      | Found a bloodstained altar of Trog.
  5727 | D:6      | Reached skill level 5 in Dodging
  6065 | D:7      | Gained mutation: You have claws for feet. [demonic
                  | ancestry]
  6065 | D:7      | Reached XP level 9. HP: 66/66 MP: 9/9
  6579 | D:7      | Reached skill level 5 in Fighting
  6729 | D:7      | Found a stormy altar of Qazlal.
  7539 | D:8      | Got a thick robe
  7540 | D:8      | Identified the +1 robe of Complete Protection {rF+ rN+}
                  | (You found it on level 8 of the Dungeon)
  7583 | D:8      | Noticed Harold
  7596 | D:8      | Killed Harold
  7640 | D:8      | Reached XP level 10. HP: 57/76 MP: 10/10
  7991 | D:8      | Reached skill level 6 in Fighting
  8323 | D:8      | Found a hazy altar of Hepliaklqana.
  8584 | D:9      | Found a hide-covered altar of Uskayaw.
  8592 | D:9      | Noticed Erolcha
  8597 | D:9      | Killed Erolcha
  8597 | D:9      | Reached skill level 1 in Evocations
  8681 | D:9      | Noticed a two-headed ogre
  8700 | D:9      | Killed a two-headed ogre
  9640 | D:9      | Reached skill level 7 in Fighting
  9651 | D:9      | Noticed Maurice
 10095 | D:9      | Reached skill level 5 in Stealth
 10115 | D:9      | Killed Maurice
 10349 | D:9      | Reached XP level 11. HP: 68/84 MP: 12/12
 10430 | D:10     | Entered Level 10 of the Dungeon
 10461 | D:10     | Noticed a two-headed ogre
 10468 | D:10     | Killed a two-headed ogre
 10613 | D:9      | Bought a shimmering hand axe for 184 gold pieces
 10613 | D:9      | Identified the cursed +3 hand axe "Dragonslayer" {speed,
                  | Fragile rElec MR+++ Stlth-} (You bought it in a shop on
                  | level 9 of the Dungeon)
 10777 | D:10     | Found a staircase to the Lair.
 10778 | D:10     | Found a staircase to the Orcish Mines.
 11035 | D:10     | Noticed Psyche
 11055 | D:10     | Killed Psyche
 11629 | D:11     | Reached skill level 8 in Fighting
 12421 | D:12     | Noticed an eight-headed hydra
 12437 | D:12     | Killed an eight-headed hydra
 12554 | D:12     | Noticed a deep elf mage
 12565 | D:12     | Killed a deep elf mage
 12801 | D:12     | Reached skill level 9 in Fighting
 12919 | D:12     | Noticed a red ugly thing
 12930 | D:12     | Killed a red ugly thing
 13752 | D:13     | Noticed Azrael
 14469 | D:12     | Slain by a troll

Vault maps used:
D:1:      giann_wishing_wells
D:2:      dk_xom_monty_hall
D:3:      grunt_temple_overflow_holy_war, lemuel_blue_sif_altar, uniq_jessica
D:4:      gammafunk_steamed_eel, minmay_temple_entry_wispy, first_ration,
          chequers_serial_rivers_large_a
D:5:      trog_hazing_becter, uniq_eustachio, uniq_pikel
D:6:      trog_ov_bears_minmay
D:7:      nicolae_overflow_hidden_temple
D:8:      kennysheep_mini_moat, uniq_harold
D:9:      lemuel_doored_altar, hangedman_little_slice_of_home, uniq_maurice,
          uniq_erolcha
D:10:     dpeg_oklobed_lair, orc_0_dummy, uniq_psyche
D:11:     chequers_serial_rivers_small_3, chequers_mini_garden,
          lemuel_statue_altar
D:13:     minivault_16, roderic_batcave, uniq_azrael
Temple:   regret_index_temple_waves

Skill      XL: |  1  2  3  4  5  6  7  8  9 10 11 |
---------------+----------------------------------+-----
Dodging        | 3 4 5 6 7 8 |  8.9
Polearms       | 3 |  3.2
Throwing       | 2 |  2.0
Armour         | 1 2 3 4 5 6 7 |  7.3
Stealth        | 1 2 4 5 6 |  6.4
Maces & Flails | 1 2 4 6 7 8 |  8.9
Fighting       | 3 4 5 7 9 |  9.4
Evocations     | 2 |  2.8
Axes           | |  0.6

Action                   |  1- 3 |  4- 6 |  7- 9 | 10-12 || total
-------------------------+-------+-------+-------+-------++-------
Melee: Trident           |    72 |       |       |       ||    72
       Kick              |     9 |    39 |   130 |   193 ||   371
       Whip              |     8 |   186 |   390 |   364 ||   948
       Hand axe          |       |       |       |   270 ||   270
Invok: Call Merchant     |       |       |       |     2 ||     2
Evoke: Wand              |       |       |     3 |    11 ||    14
  Use: Scroll            |     4 |     1 |     9 |     7 ||    21
       Potion            |       |       |       |     2 ||     2
 Stab: Sleeping          |     2 |       |     6 |    11 ||    19
       Distracted        |       |       |     1 |     2 ||     3
  Eat: Chunk             |       |     7 |     2 |       ||     9
       Ration            |       |       |     4 |     6 ||    10
Armor: Leather armour    |    12 |    12 |    38 |    60 ||   122
       Ring mail         |       |    55 |    57 |       ||   112
       Quicksilver drago |       |       |       |   165 ||   165
Dodge: Dodged            |    36 |   153 |   290 |   504 ||   983

Table legend:
 A = Non-vault XP
 B = Vault XP
 C = Vault XP percentage of total XP
 D = Non-vault monster count
 E = Vault monster count
 F = Vault count percentage of total count
                 A         B        C        D         E       F
            +---------+---------+-------+---------+---------+-------
      Total |   16680 |    4814 |  22.4 |     318 |      25 |   7.3
            +---------+---------+-------+---------+---------+-------
        D:1 |      43 |       0 |   0.0 |      22 |       0 |   0.0
        D:2 |     105 |      85 |  44.7 |      25 |       3 |  10.7
        D:3 |     151 |      37 |  19.7 |      34 |       1 |   2.9
        D:4 |     517 |       0 |   0.0 |      16 |       0 |   0.0
        D:5 |     190 |     812 |  81.0 |      10 |       4 |  28.6
        D:6 |     345 |     255 |  42.5 |      17 |       2 |  10.5
        D:7 |    1357 |       0 |   0.0 |      44 |       0 |   0.0
        D:8 |    1290 |     976 |  43.1 |      29 |       1 |   3.3
        D:9 |    3211 |    1679 |  34.3 |      39 |      10 |  20.4
       D:10 |    1885 |     424 |  18.4 |      22 |       1 |   4.3
       D:11 |    3517 |       0 |   0.0 |      36 |       0 |   0.0
       D:12 |    4069 |     546 |  11.8 |      24 |       3 |  11.1
            +---------+---------+-------+---------+---------+-------
